 Dungeon Crawl Stone Soup version 0.28-a0-245-g639a1a48b9 (webtiles) character file.

Game seed: 18301355602008919095

30 LightDishonored the Vexing (level 3, 0/26 HPs)
             Began as a Barachi Arcane Marksman on Aug 25, 2021.
             Slain by a quokka (1 damage)
             ... on level 2 of the Dungeon.
             The game lasted 00:10:05 (915 turns).

LightDishonored the Vexing (Barachi Arcane Marksman) Turns: 915, Time: 00:10:06

Health: 0/26       AC:  2    Str: 11    XL:     3   Next: 18%
Magic:  1/4        EV: 12    Int: 13    God:
Gold:   80         SH:  0    Dex: 13    Spells: 1/4 levels left

rFire   . . .      SeeInvis .   a - +0 shortbow
rCold   . . .      Faith    .   (shield currently unavailable)
rNeg    . . .      Spirit   .   d - +0 robe
rPois   .          Reflect  .   (no helmet)
rElec   .          Harm     .   (no cloak)
rCorr   .          Rampage  .   (no gloves)
Will    .....                   (no boots)
Stlth   +.........              (no amulet)
HPRegen 0.08/turn               (no ring)
MPRegen 0.09/turn               (no ring)

@: unable to hop, attractive, very slightly contaminated, invisible, slow
A: amphibious, slowness 1, strong legs 1, +LOS
a: Hop


You were on level 2 of the Dungeon.
You visited 1 branch of the dungeon, and saw 2 of its levels.

You collected 80 gold pieces.

Inventory:

Hand Weapons
 a - a +0 shortbow (weapon)
Armour
 d - a +0 robe (worn)


   Skills:
 + Level 1.2 Fighting
 + Level 2.3 Bows
 + Level 2.1 Dodging
 + Level 0.7 Stealth
 + Level 1.2 Spellcasting
 + Level 4.1 Hexes


You had one spell level left.
You knew the following spells:

 Your Spells              Type           Power      Damage    Failure   Level
a - Corona                Hex            12%        N/A       4%          1
b - Slow                  Hex            11%        N/A       8%          2

Your spell library contained the following spells:

 Spells                   Type           Power      Damage    Failure   Level
 Ensorcelled Hibernation  Hex/Ice        12%        N/A       19%         2
 Inner Flame              Hex/Fire       6%         N/A       34%         3
 Portal Projectile        Hex/Tloc       12%        N/A       34%         3
 Cause Fear               Hex            5%         N/A       45%         4
 Spider Form              Tmut/Pois      0%         N/A       63%         3
 Shadow Creatures         Summ           N/A        N/A       100%        6


Dungeon Overview and Level Annotations

Branches:
Dungeon (2/15)

Altars:

Shops:
D:1 (


Innate Abilities, Weirdness & Mutations

You are amphibious.
You cover ground slowly.
You can hop short distances.
You have an extended range of vision and can be seen from far away.


Message History

A giant cockroach comes into view.
The giant cockroach is attracted toward you.
Fire: arrow
Press: ? - help, Q - select action, (/) - cycle Shift-Dir - straight line, f - quokka
Aim: a quokka (softly glowing, 65% to hit)
You shoot an arrow. The arrow hits the quokka.
The quokka is lightly wounded.
The quokka misses you.
The giant cockroach is attracted toward you.
Really attack while wielding your +0 shortbow? [Y]es or [N]o only, please.
Really attack while wielding your +0 shortbow? [Y]es or [N]o only, please.
Really attack while wielding your +0 shortbow?
Okay, then.
Really attack while wielding your +0 shortbow?
You barely miss the quokka.
The quokka is lightly wounded.
The giant cockroach completely misses you.
The quokka bites you.
* * * LOW HITPOINT WARNING * * *
The giant cockroach bites you but does no damage.
The quokka barely misses you.
You fade into invisibility!
The quokka stops glowing.
The giant cockroach barely misses you. The quokka bites you.
* * * LOW HITPOINT WARNING * * *
You are very lightly contaminated with residual magic.
You clumsily bash the quokka but do no damage.
The giant cockroach bites you.
* * * LOW HITPOINT WARNING * * *
The quokka closely misses you. The giant cockroach bites you.
* * * LOW HITPOINT WARNING * * *
The quokka closely misses you.
Unknown command.
Unknown command.
You clumsily bash the quokka but do no damage.
The giant cockroach completely misses you.
The quokka misses you. The giant cockroach misses you. The quokka bites you.
You die...

..........# ......#
..S.(..(..# ......#
...(......##+#......#
....................#
....................#
................#
...(......(.....#
...........#.##########.
...........#..r@B.......
...........#############
........ #######. #. #.
#.


You could see a quokka and a giant cockroach.

Vanquished Creatures
  An adder (D:2)
  A dart slug (D:1)
  4 bats (D:1)
  An endoplasm (D:1)
  A goblin (D:1)
  A hobgoblin (D:1)
  2 kobolds (D:1)
  A quokka (D:1)
  A ball python (D:1)
  3 frilled lizards (D:1)
  3 rats
19 creatures vanquished.

Notes
Turn   | Place    | Note
-------+----------+-------------------------------------------
     0 | D:1      | LightDishonored the Barachi Arcane Marksman began the quest
                  | for the Orb.
     0 | D:1      | Reached XP level 1. HP: 15/15 MP: 2/2
   253 | D:1      | Reached XP level 2. HP: 21/21 MP: 3/3
   256 | D:1      | Learned a level 2 spell: Slow
   368 | D:1      | Reached skill level 4 in Hexes
   487 | D:1      | Found Deneegru's Antique Weapon Shoppe.
   905 | D:2      | Reached XP level 3. HP: 14/26 MP: 1/4
   914 | D:2      | HP: 1/26 [giant cockroach (1)]
   915 | D:2      | Slain by a quokka

Illustrated notes

Levels and vault maps discovered:
D:1:      evilmike_arrival_fibonacci_small, layout_basic, serial_shops, shop,
          chequers_decorated_corner
D:2:      layout_basic, dilly_ecumenical_altar_fadedgnrine, uniq_jessica

Skill      XL: |  1  2 |
---------------+-------+-----
Hexes          | 4 |  4.1
Fighting       | |  1.2
Bows           | |  2.3
Dodging        | |  2.1
Stealth        | |  0.7
Spellcasting   | |  1.2

Action                   || total
-------------------------++-------
Melee: Shortbow          ||     3
 Fire: Shortbow          ||    63
 Cast: Slow              ||     4
       Corona            ||     4
 Abil: Hop               ||     4
  Use: Scroll            ||     1
       Potion            ||     2
Armor: Robe              ||     9
Dodge: Dodged            ||    37

Table legend: (Time is in decaauts)
 A = Elapsed time spent in this place.
 B = Non-inter-level travel time spent in this place.
 C = Inter-level travel time spent in this place.
 D = Time resting spent in this place.
 E = Time spent auto-exploring this place.
 F = Levels seen in this place.
 G = Mean time per level.
                   A        B        C        D        E       F      G
               +--------+--------+--------+--------+--------+-----+--------+
         Total |   1074 |    826 |    248 |      0 |    645 |   2 |  537.0 |
       Dungeon |   1074 |    826 |    248 |      0 |    645 |   2 |  537.0 |
               +--------+--------+--------+--------+--------+-----+--------+

Top non-repeatable levels by time:
     D:1: 1044 daAuts
     D:2: 29 daAuts
